 Dungeon Crawl Stone Soup version 0.31.0-11-ge490571c62 (webtiles) character file.

Game seed: 13747331419419829526

14 whisky0809 the Thrower (level 2, -1/26 HPs)
             Began as a Gnoll Wanderer on Feb 5, 2024.
             Slain by a jackal (3 damage)
             ... on level 1 of the Dungeon.
             The game lasted 00:08:47 (365 turns).

whisky0809 the Thrower (Gnoll Wanderer)              Turns: 365, Time: 00:08:47

Health: -1/26      AC:  0    Str: 12    XL:     2   Next: 41%
Magic:  3/3        EV: 11    Int: 10    God:
Gold:   30         SH:  0    Dex: 11    Spells: 1/1 levels left

rFire   x . .        a - +3 dagger
rCold   + . .        (no shield)
rNeg    . . .        (no body armour)
rPois   .            (no helmet)
rElec   .            (no cloak)
rCorr   .            (no gloves)
SInv    .            (no boots)
Will    .....        (no amulet)
Stlth   +            i - ring of ice
HPRegen 0.24/turn    (no ring)
MPRegen 0.08/turn

%: no passive effects
@: no status effects
A: fangs 1, strong nose, distributed training
a: no special abilities


You were on level 1 of the Dungeon.
You visited 1 branch of the dungeon, and saw 1 of its levels.

You collected 30 gold pieces.

Inventory:

Hand Weapons
 a - a +3 dagger (weapon)
 g - a +0 short sword
 j - a +0 short sword
Missiles
 b - 3 curare-tipped darts (quivered)
 f - 8 stones
Armour
 e - a +0 leather armour
 k - a +0 ring mail
Jewellery
 i - a ring of ice (left hand)
Scrolls
 d - a scroll of blinking
 h - 2 scrolls of revelation {unknown}
Potions
 c - a potion of lignification


   Skills:
 + Level 4.5 Fighting
 + Level 0.4 Short Blades
 + Level 0.4 Long Blades
 + Level 0.4 Axes
 + Level 0.4 Maces & Flails
 + Level 0.4 Polearms
 + Level 0.4 Staves
 + Level 0.4 Ranged Weapons
 + Level 8.5 Throwing
 + Level 2.5 Armour
 + Level 0.4 Dodging
 + Level 0.4 Stealth
 + Level 0.4 Shields
 + Level 2.5 Unarmed Combat
 + Level 0.4 Spellcasting
 + Level 0.2 Conjurations
 + Level 0.2 Hexes
 + Level 0.2 Summonings
 + Level 0.2 Necromancy
 + Level 0.2 Translocations
 + Level 0.2 Fire Magic
 + Level 0.2 Ice Magic
 + Level 0.2 Air Magic
 + Level 0.2 Earth Magic
 + Level 0.2 Alchemy
 + Level 2.5 Invocations
 + Level 2.5 Evocations
 + Level 0.3 Shapeshifting


You had one spell level left.
You didn't know any spells.
Your spell library was empty.

Dungeon Overview and Level Annotations

Branches:
Dungeon (1/15)

Altars:


Innate Abilities, Weirdness & Mutations

You have very sharp teeth.
Your uncanny sense of smell can sniff out nearby items.
Your experience applies equally to all skills.


Message History

The jackal is severely wounded.
The jackal barely misses you. The jackal misses you. The jackal bites you.
You hit the jackal.
The jackal is moderately wounded.
The jackal bites you.
You hit the jackal.
You kill the jackal!
The jackal misses you. The jackal barely misses you.
You barely miss the jackal.
The jackal is moderately wounded.
The jackal closely misses you. The jackal barely misses you.
The jackal bites you.
You closely miss the jackal.
The jackal is moderately wounded.
The jackal closely misses you. The jackal bites you.
You hit the jackal.
You kill the jackal!
The jackal bites you. x3
You barely miss the jackal. The jackal bites you. x2
You closely miss the jackal. The jackal barely misses you.
The jackal bites you. The jackal closely misses you.
You barely miss the jackal. The jackal closely misses you.
The jackal bites you.
* * * LOW HITPOINT WARNING * * *
The jackal closely misses you.
You hit the jackal. You bite the jackal.
You kill the jackal!
The jackal closely misses you. The jackal bites you.
* * * LOW HITPOINT WARNING * * *
The jackal barely misses you.
Things that are here:
a jackal corpse; a jackal corpse; a jackal corpse You hit the jackal but do no damage.
The jackal closely misses you.
You closely miss the jackal. The jackal bites you.
* * * LOW HITPOINT WARNING * * *
You hit the jackal but do no damage. Your bite misses the jackal.
The jackal barely misses you. The jackal bites you.
You die...

#.
####.........###......#
#.........#.####......#
.###.....#...........#
#.....###....#....#
#..###.....#
#.>.....###
#.......#### #..###...#
#######.# #...# ##..#
######.# #.... #...
#....h@# ..#.. ##...
#.........### #.##
....###.#.# .. #..
#.#.# .. #.# . # ... ..
... .. ... ...


You could see a jackal.

Vanquished Creatures
  A ball python (D:1)
  An endoplasm (D:1)
  A giant cockroach (D:1)
  3 hobgoblins (D:1)
  3 jackals (D:1)
  A kobold (D:1)
10 creatures vanquished.

Notes
Turn   | Place    | Note
-------+----------+-------------------------------------------
     0 | D:1      | whisky0809 the Gnoll Wanderer began the quest for the Orb.
     0 | D:1      | whisky0809 set off with the following items: a +3 dagger, 3
                  | curare-tipped darts, a potion of lignification, a scroll of
                  | blinking, a +0 leather armour.
     0 | D:1      | Reached XP level 1. HP: 20/20 MP: 2/2
   245 | D:1      | Reached XP level 2. HP: 19/26 MP: 3/3
   364 | D:1      | HP: 1/26 [jackal (3)]
   365 | D:1      | Slain by a jackal

Illustrated notes

Levels and vault maps discovered:
D:1:      heliophobic_arrival_battle_scene, layout_rooms, serial_glass,
          glass_columns_b, glass_columns_a, hangedman_feature_mirror

Action                     || total
---------------------------++-------
  Melee: Dagger            ||    39
         Bite              ||     2
         Punch             ||     1
 Armour: Leather armour    ||    10
         Skin              ||    16
  Dodge: Dodged            ||    33
